 Dungeon Sprint DCSS version 0.24.1-14-gf8d2b509d9 (webtiles) character file.

Game seed: 10868199532527328184, levelgen mode: deterministic

82 Baz the Zephyrmancer (level 4, -2/24 HPs)
             Began as a Tengu Air Elementalist on Oct 5, 2020.
             Splashed by an oklob sapling priest's acid (16 damage)
             ... in the Dungeon (Sprint IV: "Fedhas' Mad Dash").
             The game lasted 00:01:44 (595 turns).

Baz the Zephyrmancer (Tengu Air Elementalist)        Turns: 595, Time: 00:01:45

Health: -2/24      AC:  2    Str:  8    XL:     4   Next: 43%
Magic:  8/12       EV: 12    Int: 17    God:
Gold:   43         SH:  0    Dex: 14    Spells: 6/14 levels left

rFire    . . .     SeeInvis .   (no weapon)
rCold    . . .     Gourm    .   (no shield)
rNeg     . . .     Faith    .   a - +0 robe
rPois    .         Spirit   .   (helmet restricted)
rElec    .         Reflect  .   (no cloak)
rCorr    .         Harm     .   (no gloves)
MR       .....     NoTele   +   (boots unavailable)
Stlth    ++........             j - amulet of invisibility {+Inv}
HPRegen  0.08/turn              (no ring)
MPRegen  0.13/turn              (no ring)

@: no status effects
A: beak, talons 3
a: Evoke Invisibility


You were in the Dungeon.
You were not hungry.

You visited 1 branch You collected 43 gold pieces.

Inventory:

Armour
 a - a +0 robe (worn)
Jewellery
 j - the amulet of invisibility (around neck) {+Inv}
   (You found it in the Dungeon)

   [amulet of nothing]

   It lets you turn invisible.
Scrolls
 h - a scroll of remove curse {unknown}
 i - a scroll of blinking
Potions
 b - a potion of degeneration {unknown}
 d - a potion of curing
 e - a potion of heal wounds
 f - a potion of haste
 g - 2 potions of magic
 k - 2 potions of flight {unknown}
Comestibles
 c - a ration


   Skills:
 - Level 2.1 Dodging
 - Level 2.0 Stealth
 * Level 5.6 Spellcasting
 - Level 1.3 Conjurations
 * Level 8.5 Air Magic
 + Level 1.3 Evocations


You had 6 spell levels left.
You knew the following spells:

 Your Spells              Type           Power        Failure   Level  Hunger
a - Shock                 Conj/Air       ###.         1%          1    None
b - Static Discharge      Conj/Air       ###.....     5%          3    ##.....
c - Airstrike             Air            ####......   4%          4    ####...

Your spell library contained the following spells:

 Spells                   Type           Power        Failure   Level  Hunger
 Swiftness                Chrm/Air       ###.....     3%          2    #......
 Lightning Bolt           Conj/Air       ###.......   43%         5    ######.


Dungeon Overview and Level Annotations

Branches:
Dungeon (1/1)

Altars:
Cheibriados
Gozag
Hepliaklqana
Makhleb
Nemelex Xobeh
Ru
Sif Muna
Trog
Wu Jian
Xom
Yredelemnul
Beogh
Jiyva

Annotations:
D exclusion: oklob sapling


Innate Abilities, Weirdness & Mutations

You have a beak for a mouth.
You have claws for feet.


Message History

Your magical contamination has completely faded away.
You start resting.
HP restored.
Really walk into a travel-excluded area?
There is an open door here.
Casting: Airstrike (safe; 4% risk of failure)
Confirm with . or Enter, or press ? or * to list all spells.
Okay, then.
Unknown command.
Casting: Airstrike (safe; 4% risk of failure)
Confirm with . or Enter, or press ? or * to list all spells.
Aiming: Airstrike (safe; 4% risk of failure)
Press: ? - help, Dir - move target cursor, f/p - oklob sapling priest
Aim: an oklob sapling priest (hasn't noticed you)
The air twists around and strikes the oklob sapling priest!
The oklob sapling priest is moderately damaged.
The oklob sapling priest spits acid at you.
The splash of acid hits you!
You are splashed with acid!
Ouch! That really hurt!
You die...

########################
<..P#.....#.....#.⌠._._.
PP..'.÷...'.#...@.._._._
PPPP#.....#.#...#..._._P
##############'##.._._._
+...#._._._.
#...######## #####


You could see an oklob sapling priest.

Vanquished Creatures
  2 oklob saplings (D)
  A worker ant (D)
  A river rat (D)
  A rat (D)
5 creatures vanquished.

Notes
Turn   | Place    | Note
-------+----------+-------------------------------------------
     0 | D        | Baz the Tengu Air Elementalist began the quest for the Orb.
     0 | D        | Reached XP level 1. HP: 10/10 MP: 4/4
     5 | D        | Reached skill level 5 in Air Magic
     5 | D        | Reached XP level 2. HP: 15/15 MP: 2/7
    78 | D        | Reached skill level 7 in Air Magic
    78 | D        | Reached XP level 3. HP: 10/19 MP: 4/9
   272 | D        | Learned a level 3 spell: Static Discharge
   274 | D        | Noticed an oklob sapling
   275 | D        | Killed an oklob sapling
   275 | D        | Reached skill level 5 in Spellcasting
   275 | D        | Reached XP level 4. HP: 24/24 MP: 7/12
   315 | D        | Found the amulet of invisibility {+Inv}
   333 | D        | Learned a level 4 spell: Airstrike
   344 | D        | Reached skill level 8 in Air Magic
   344 | D        | Reached skill level 1 in Evocations
   382 | D        | Found an opulent altar of Gozag.
   382 | D        | Found a hazy altar of Hepliaklqana.
   382 | D        | Found a burning altar of Makhleb.
   382 | D        | Found a roughly hewn altar of Beogh.
   382 | D        | Found a sparkling altar of Nemelex Xobeh.
   382 | D        | Found a snail-covered altar of Cheibriados.
   382 | D        | Found a sacrificial altar of Ru.
   382 | D        | Found a shimmering blue altar of Sif Muna.
   382 | D        | Found a shimmering altar of Xom.
   382 | D        | Found a basalt altar of Yredelemnul.
   383 | D        | Found a viscous altar of Jiyva.
   383 | D        | Found a bloodstained altar of Trog.
   383 | D        | Found an ornate altar of the Wu Jian Council.
   383 | D        | Noticed an oklob sapling priest
   595 | D        | Splashed by an oklob sapling priest's acid

Levels and vault maps discovered:
D:        dungeon_sprint_fedhas [sprint_temple]

Skill      XL: |  1  2  3  4 |
---------------+-------------+-----
Spellcasting   | 3 4 5 |  5.6
Air Magic      | 5 7 8 |  8.5
Evocations     | 1 |  1.3
Dodging        | |  2.1
Stealth        | |  2.0
Conjurations   | |  1.3

Action                   |  1- 3 |  4- 6 || total
-------------------------+-------+-------++-------
Melee: Unarmed           |     4 |       ||     4
       Kick              |     1 |       ||     1
 Cast: Shock             |     6 |       ||     6
       Airstrike         |       |     2 ||     2
       Static Discharge  |       |     2 ||     2
 Abil: Evoke Invisibilit |       |     1 ||     1
  Use: Potion            |     1 |       ||     1
Dodge: Dodged            |     3 |       ||     3
